 Dungeon Sprint DCSS version 0.19.4-8-ga85b6b9 (webtiles) character file.

15501 protoss039 the Severer (level 12, -27/125 HPs)
             Began as a Minotaur Fighter on Feb 7, 2017.
             Was a High Priest of Okawaru.
             Annihilated by Rupert
             ... wielding a +0 great mace of holy wrath
              (45 damage)
             ... while paralysed by Rupert
             ... in the Dungeon (Sprint III: "The Ten Rune Challenge").
             The game lasted 00:19:12 (5030 turns).

protoss039 the Severer (Minotaur Fighter)           Turns: 5030, Time: 00:19:13

Health: -27/125    AC: 18    Str: 27    XL:     12   Next: 1%
Magic:  30/30      EV:  2    Int:  5    God:    Okawaru [*****.]
Gold:   1912       SH:  0    Dex: 14    Spells: 0 memorised, 11 levels left

rFire  x . .     SeeInvis .     e - +6 war axe of Expedience {flame, rF- MP+9 Dex+5}
rCold  + . .     Gourm    .     d - +0 plate armour
rNeg   . . .     Faith    .     c - +0 shield
rPois  .         Spirit   .     (helmet restricted)
rElec  .         Reflect  .     (no cloak)
rCorr  .         Harm     .     (no gloves)
MR     .....     NoTele   +     (no boots)
Stlth  ..........               b - amulet "Baub" {+Rage rC+ MP+9}
                                (no ring)
                                (no ring)

@: paralysed
A: retaliatory headbutt, hooves 1, horns 2, low mp 1, shaggy fur 1
a: Heroism, Finesse, Renounce Religion, Evoke Berserk Rage


You were in the Dungeon.
You worshipped Okawaru.
Okawaru was extremely pleased with you.
You were not hungry.

You visited 1 branch You collected 2668 gold pieces.
You spent 756 gold pieces at shops.

Inventory:

Hand Weapons
 a - a +0 war axe
 e - the +6 war axe of Expedience (weapon) {flame, rF- MP+9 Dex+5}
   (Okawaru gifted it to you in the Dungeon)

   It has been specially enchanted to burn those struck by it, causing extra
   injury to most foes and up to half again as much damage against particularly
   susceptible opponents.
   Big, fiery blades are also staple armaments of hydra-hunters.
   It affects your dexterity (+5).
   It makes you vulnerable to fire.
   It affects your magic capacity (+9).
Armour
 c - a +0 shield (worn)
 d - a +0 plate armour (worn)
Jewellery
 b - the amulet "Baub" (around neck) {+Rage rC+ MP+9}
   (You bought it in a shop in the Dungeon)

   [amulet of rage]

   It protects you from cold.
   It affects your magic capacity (+9).
   It lets you go berserk.
Scrolls
 g - 4 scrolls of amnesia {unknown}
 o - 4 scrolls of holy word
 p - 3 scrolls of remove curse
Potions
 h - 2 potions of haste
 i - 2 potions of magic
 j - a potion of berserk rage
 k - a potion of invisibility
 r - 2 potions of cure mutation
 s - 2 potions of lignification
 u - a potion of flight
Miscellaneous
 l - a phial of floods
Comestibles
 f - a bread ration
 m - 10 chunks of flesh
 t - 2 royal jellies


   Skills:
 + Level 17.0 Fighting
   Level 2.1 Long Blades
 + Level 18.7 Axes
 + Level 17.2 Armour
 + Level 16.6 Shields
 + Level 3.5 Invocations
 + Level 2.5 Evocations


You had 11 spell levels left.
You didn't know any spells.

Dungeon Overview and Level Annotations

Branches:
Dungeon (1/1)

Altars:
Cheibriados
Dithmenos
Elyvilon
Fedhas
Gozag
Hepliaklqana
Kikubaaqudgha
Makhleb
Nemelex Xobeh
Okawaru
Qazlal
Ru
Sif Muna
Trog
Uskayaw
Vehumet
Xom
Yredelemnul
Zin
The Shining One
Beogh
Jiyva
Lugonu

Shops:
D =

Annotations:
D Rupert


Innate Abilities, Weirdness & Mutations

You reflexively headbutt those who attack you in melee.
You have a pair of horns on your head.
You have large cloven feet.
Your magical capacity is low. (-10% MP)
You are covered in fur. (AC +1)


Message History

Unknown command.
You are too confused!
Unknown command.
You are too confused!
Unknown command.
You are too confused!
You're too confused to move!
Rupert yells loudly at you.
You suddenly lose the ability to move!
Rupert roars madly and goes into a rage!
Rupert goes berserk!
Rupert hits you but does no damage.
Rupert hits you with a great mace of holy wrath!!
Rupert hits you with a great mace of holy wrath!!!
You feel less confused.
Rupert hits you with a great mace of holy wrath!!
* * * LOW HITPOINT WARNING * * *
Rupert hits you but does no damage.
Rupert hits you with a great mace of holy wrath!!!
You die...

#..# #..#####....#___#__'.
▓▓▓▓▓▓▓▓▓▓▓▓▓▓▓▓▓▓▓▓▓▓▓▓▓▓
+≈≈≈§≈≈.≈≈♣♣.....♣♣♣♣≈
#≈≈§§§≈≈≈≈♣♣÷≈≈≈≈'♣♣'♣
#.≈§§§§§≈≈≈'÷....#.≈♣♣
#≈≈≈§§§≈≈≈♣♣♣♣♣♣♣#..♣♣
#≈≈§§.§≈≈.♣ ###+♣
#+####'#######♣ ♣♣♣♣.#
........@@.....♣ ♣.(.##
#+#############+ ♣♣.##.
♣..#. ♣♣.## ♣♣.## ♣....
#####


You could see Rupert (berserk).

Vanquished Creatures
  Polyphemus (D)
  A deep elf annihilator (D)
  2 hydras (D)
  A centaur warrior (D)
  Erica (D)
  An orc high priest (D)
  Urug (D)
  A deep elf knight (D)
  A death drake (D)
  An unseen horror (D)
  A lindwurm (D)
  5 deep elf magi (D)
  An orc sorcerer (D)
  2 spiny frogs (D)
  A rime drake (D)
  A komodo dragon (D)
  3 wandering mushrooms (D)
  2 tyrant leeches (D)
  5 blink frogs (D)
  3 redbacks (D)
  A shadow (D)
  A spatial vortex (D)
  A swamp drake (D)
  2 orc warriors (D)
  A necrophage (D)
  2 centaurs (D)
  An earth elemental (D)
  A water elemental (D)
  A jelly (D)
  3 orc priests (D)
  An orc wizard (D)
  A wizard (D)
  Jessica (D)
  A necromancer (D)
  3 humans (D)
  A kobold demonologist (D)
  2 oozes (D)
  A phantom (D)
  10 orcs (D)
  A rat (D)
71 creatures vanquished.

Vanquished Creatures (others)
  2 draconian scorchers (D)
  6 hellions (D)
  2 yaktaurs (D)
  3 dream sheep (D)
  An electric eel (D)
  4 plants (D)
18 creatures vanquished.

Grand Total: 89 creatures vanquished

Notes
Turn   | Place    | Note
-------+----------+-------------------------------------------
     0 | D        | protoss039 the Minotaur Fighter began the quest for the Orb.
     0 | D        | Reached XP level 1. HP: 19/19 MP: 0/0
    13 | D        | Reached XP level 2. HP: 25/28 MP: 1/1
    28 | D        | Noticed Jessica
    36 | D        | Killed Jessica
    36 | D        | Reached skill level 5 in Fighting
    36 | D        | Reached skill level 3 in Axes
    36 | D        | Reached skill level 5 in Armour
    36 | D        | Reached skill level 5 in Shields
    36 | D        | Reached XP level 3. HP: 6/36 MP: 2/2
   109 | D        | Killed a hellion
   121 | D        | Killed a hellion
   122 | D        | Killed a hellion
   124 | D        | Killed a hellion
   171 | D        | Killed a white draconian scorcher
   174 | D        | Killed a hellion
   176 | D        | Killed a hellion
   183 | D        | Killed a white draconian scorcher
   282 | D        | Killed a yaktaur
   347 | D        | Reached skill level 4 in Axes
   499 | D        | Noticed a water elemental
   505 | D        | Killed a water elemental
   505 | D        | Reached skill level 5 in Axes
   505 | D        | Reached XP level 4. HP: 36/45 MP: 3/3
   565 | D        | Found a radiant altar of Vehumet.
   565 | D        | Found a deep blue altar of Sif Muna.
   565 | D        | Found an ancient bone altar of Kikubaaqudgha.
   565 | D        | Noticed a wizard
   567 | D        | Killed a wizard
   567 | D        | Reached XP level 5. HP: 34/52 MP: 4/4
   580 | D        | Reached skill level 6 in Axes
   744 | D        | Found a glowing silver altar of Zin.
   744 | D        | Found a glowing golden altar of the Shining One.
   744 | D        | Found a white marble altar of Elyvilon.
   745 | D        | Noticed a deep elf mage
   755 | D        | Killed a deep elf mage
   755 | D        | Reached skill level 10 in Axes
   755 | D        | Reached XP level 6. HP: 23/64 MP: 5/5
   755 | D        | Reached XP level 7. HP: 25/70 MP: 6/6
   953 | D        | Found a hide-covered altar of Uskayaw.
   953 | D        | Found an iron altar of Okawaru.
   954 | D        | Found a roughly hewn altar of Beogh.
   954 | D        | Found a bloodstained altar of Trog.
   954 | D        | Noticed a human
   954 | D        | Noticed a human
   964 | D        | Killed a human
   964 | D        | Reached skill level 10 in Armour
   964 | D        | Reached skill level 10 in Shields
   977 | D        | Killed a human
   977 | D        | Reached skill level 10 in Fighting
   977 | D        | Reached skill level 11 in Axes
  1317 | D        | Became a worshipper of Warmaster Okawaru
  1324 | D        | Found a basalt altar of Yredelemnul.
  1324 | D        | Found a shadowy altar of Dithmenos.
  1324 | D        | Found a sacrificial altar of Ru.
  1347 | D        | Noticed a shadow
  1352 | D        | Killed a shadow
  1352 | D        | Reached * piety under Okawaru
  1352 | D        | Reached XP level 8. HP: 53/79 MP: 7/7
  1356 | D        | Reached skill level 12 in Axes
  1588 | D        | Found a blossoming altar of Fedhas.
  1588 | D        | Found a stormy altar of Qazlal.
  1588 | D        | Found a snail-covered altar of Cheibriados.
  1588 | D        | Found a burning altar of Makhleb.
  1588 | D        | Found a shimmering altar of Xom.
  1589 | D        | Found a hazy altar of Hepliaklqana.
  1589 | D        | Found an opulent altar of Gozag.
  1589 | D        | Found a sparkling altar of Nemelex Xobeh.
  1589 | D        | Found a corrupted altar of Lugonu.
  1589 | D        | Found a viscous altar of Jiyva.
  1620 | D        | Gained mutation: You expend magic power (3 MP) to strengthen your wands. [potion of mutation]
  1620 | D        | Gained mutation: You are covered in fur. (AC +1) [potion of mutation]
  1620 | D        | Lost mutation: You expend magic power (3 MP) to strengthen your wands. [potion of mutation]
  1621 | D        | Gained mutation: You have large cloven feet. [potion of mutation]
  1621 | D        | Gained mutation: Your magical capacity is low. (-10% MP) [potion of mutation]
  1628 | D        | Noticed Erica
  1639 | D        | Killed Erica
  1639 | D        | Reached skill level 13 in Axes
  1656 | D        | Found Ubauph's Jewellery Emporium.
  1656 | D        | Noticed an orc sorcerer
  1656 | D        | Noticed an orc high priest
  1659 | D        | Noticed an ice devil
  1662 | D        | Noticed a rust devil
  1662 | D        | Noticed a red devil
  1662 | D        | Killed an orc sorcerer
  1662 | D        | Reached skill level 14 in Axes
  1662 | D        | Reached XP level 9. HP: 56/89 MP: 4/7
  1665 | D        | Reached ** piety under Okawaru
  1672 | D        | Killed an orc high priest
  1672 | D        | Reached skill level 15 in Axes
  1917 | D        | Noticed a deep elf mage
  1917 | D        | Noticed a deep elf mage
  1917 | D        | Noticed a deep elf mage
  1917 | D        | Noticed a deep elf knight
  1917 | D        | Noticed a deep elf mage
  1941 | D        | Killed a deep elf knight
  1954 | D        | HP: 4/92 [deep elf mage/bolt of cold (44)]
  1962 | D        | HP: 3/92 [deep elf mage/bolt of lightning (25)]
  2093 | D        | Killed a yaktaur
  2218 | D        | Killed a deep elf mage
  2218 | D        | Reached *** piety under Okawaru
  2218 | D        | Reached skill level 16 in Axes
  2218 | D        | Reached XP level 10. HP: 48/100 MP: 8/8
  2435 | D        | Killed a deep elf mage
  2435 | D        | Reached skill level 1 in Invocations
  2643 | D        | Killed a deep elf mage
  2735 | D        | Killed a deep elf mage
  2735 | D        | Reached **** piety under Okawaru
  2791 | D        | Noticed a deep elf mage
  2792 | D        | Noticed a deep elf high priest
  2795 | D        | Noticed a deep elf high priest
  2797 | D        | Noticed a deep elf annihilator
  2798 | D        | Noticed a deep elf mage
  2799 | D        | Noticed a deep elf annihilator
  2822 | D        | Killed a deep elf annihilator
  2822 | D        | Reached skill level 17 in Axes
  2824 | D        | Got a shimmering crystal amulet
  3127 | D        | Bought the amulet "Baub" {+Rage rC+ MP+9} for 756 gold pieces
  3127 | D        | Identified the amulet "Faiten" {RegenMP Fragile rElec MP+9} (You took it off a deep elf annihilator in the Dungeon)
  3299 | D        | Noticed a centaur warrior
  3309 | D        | Killed a centaur warrior
  3397 | D        | Killed an unseen horror
  3397 | D        | Reached ***** piety under Okawaru
  3397 | D        | Reached XP level 11. HP: 47/111 MP: 10/10
  3719 | D        | Reached skill level 18 in Axes
  3719 | D        | Reached skill level 15 in Armour
  3775 | D        | Reached skill level 15 in Shields
  3957 | D        | Reached skill level 15 in Fighting
  4000 | D        | Noticed a lindwurm
  4017 | D        | Killed a lindwurm
  4329 | D        | Noticed Urug
  4339 | D        | Killed Urug
  4510 | D        | Noticed a six-headed hydra
  4510 | D        | Noticed a seven-headed hydra
  4518 | D        | Killed a two-headed hydra
  4518 | D        | Received a gift from Okawaru
  4518 | D        | Reached skill level 1 in Long Blades
  4522 | D        | Killed a four-headed hydra
  4529 | D        | Got a slimy war axe {god gift}
  4530 | D        | Identified the +6 war axe of Expedience {flame, rF- MP+9 Dex+5} (Okawaru gifted it to you in the Dungeon)
  4686 | D        | Noticed a death drake
  4692 | D        | Killed a death drake
  4698 | D        | Noticed Polyphemus
  4744 | D        | Killed Polyphemus
  5001 | D        | Reached XP level 12. HP: 99/125 MP: 12/12
  5019 | D        | Noticed Rupert
  5024 | D        | Paralysed by Rupert for 7 turns
  5030 | D        | Annihilated by Rupert

Skill      XL: |  1  2  3  4  5  6  7  8  9 10 11 |
---------------+----------------------------------+-----
Fighting       | 4 5 6 7 9 10 11 12 14 17 | 17.0
Shields        | 4 5 6 7 9 11 12 13 14 16 | 16.6
Armour         | 4 5 6 7 9 11 12 13 14 17 | 17.2
Axes           | 3 5 10 11 14 16 17 18 | 18.7
Invocations    | 2 3 |  3.5
Long Blades    | 2 |  2.1
Evocations     | 2 |  2.5

Action                   |  1- 3 |  4- 6 |  7- 9 | 10-12 || total
-------------------------+-------+-------+-------+-------++-------
Melee: War axe           |    38 |    24 |   112 |   202 ||   376
       Headbutt          |     6 |     4 |    18 |    45 ||    73
       Kick              |       |       |    24 |    79 ||   103
       Scimitar          |       |       |       |     8 ||     8
Invok: Heroism           |       |       |     2 |     3 ||     5
       Finesse           |       |       |       |     1 ||     1
 Abil: Evoke Berserk Rag |       |       |       |     2 ||     2
Evoke: Phial of floods   |       |       |       |     1 ||     1
  Use: Scroll            |     4 |       |     1 |       ||     5
       Potion            |       |       |     8 |       ||     8
 Stab: Confused          |       |       |       |     1 ||     1
  Eat: Chunk             |       |       |     3 |     9 ||    12
       Meat ration       |       |       |       |     1 ||     1
Armor: Scale mail        |     7 |    11 |     8 |       ||    26
       Plate armour      |       |       |     6 |   120 ||   126
Dodge: Dodged            |     8 |    15 |    14 |    35 ||    72
Block: Shield            |    18 |    17 |    48 |   101 ||   184
